AoeStats
← Mayshen

Arabia

510135443Analyzed
1v1 RM · 2d ago on Sep 29, 2026· 51m 49s· 2 players
Game mode
Random Map
Map size
Tiny (2 player)
Population
200
Speed
Normal
Resources
Standard
Victory
Conquest
Starting age
Dark Age
Ending age
Imperial Age
RankedLock teamsTeams togetherTeam positionsShared explorationLock speedFull tech treeHidden civsTurbo modeCheats
Victory
Defeat
🇩🇪 Britons · Germany
1010
+16
🇩🇪 Koreans · Germany
1012
-16
Mayshen
5:55 Loom
9:05 Feudal Age
9:48 Double-Bit Axe
18:38 Castle Age
18:17 Padded Archer Armor
19:08 Fletching
19:54 Bodkin Arrow
20:22 Leather Archer Armor
25:24 Wheelbarrow
27:28 Ballistics
28:07 Treadmill Crane
28:19 Guard Tower
28:11 Treadmill Crane
32:05 Hand Cart
38:45 Imperial Age
36:06 Town Watch
36:53 Scale Barding Armor
37:09 Bow Saw
36:44 Horse Collar
37:55 Gold Mining
38:55 Scale Mail Armor
39:05 Forging
39:21 Town Patrol
38:54 Capped Ram
40:50 Husbandry
41:10 Bracer
41:58 Heavy Scorpion
43:47 Cavalier
45:18 Chain Mail Armor
45:40 Iron Casting
45:19 Heavy Plow
47:49 Chain Barding Armor
48:05 Plate Mail Armor
48:50 Blast Furnace
49:15 Plate Barding Armor
49:13 Ring Archer Armor
49:46 Blast Furnace
50:57 Ring Archer Armor
50:40 Pikeman
51:20 Squires
TheOwn3r.
5:10 Loom
7:22 Loom
9:45 Feudal Age
12:07 Double-Bit Axe
15:05 Fletching
21:04 Castle Age
19:32 Horse Collar
19:44 Stone Mining
23:34 Elite Skirmisher
24:53 Bodkin Arrow
26:15 Bow Saw
34:34 Wheelbarrow
34:58 Town Watch
39:28 Imperial Age
38:32 Hand Cart
39:57 Thumb Ring
40:38 Conscription
40:49 Bracer
44:53 Scale Barding Armor
44:59 Forging
46:34 Chain Barding Armor
46:25 Cavalier
48:43 Iron Casting
49:37 Light Cavalry
Connection lost

Rejoining the realm…

Still unreachable

The connection could not be restored.

Session expired

The server has moved on; the page needs a fresh start.